 Dungeon Crawl Stone Soup version 0.27-a0-277-g024f7ef292 (webtiles) character file.

Game seed: 5504098326902186005

1123 Astera the Shield-Bearer (level 8, -9/48 HPs)
             Began as a Gargoyle Fighter on Feb 6, 2021.
             Blown up by Ijyb (32 damage)
             ... with a mindburst bolt
             ... on level 4 of the Dungeon on Feb 7, 2021.
             The game lasted 00:20:08 (6113 turns).

Astera the Shield-Bearer (Gargoyle Fighter)         Turns: 6113, Time: 00:20:08

Health: -9/48      AC: 15    Str: 23    XL:     8   Next: 35%
Magic:  8/8        EV:  7    Int: 16    God:
Gold:   171        SH: 10    Dex:  9    Spells: 7/7 levels left

rFire    . . .     SeeInvis +   a - +0 flail
rCold    . . .     Faith    +   c - +0 kite shield
rNeg     + + .     Spirit   .   j - +0 chain mail of a wizard's laboratory {Int+8 SInv Stlth-} (curse)
rPois    ∞         Reflect  .   (no helmet)
rElec    +         Harm     .   (no cloak)
rCorr    .         Rampage  .   (no gloves)
Will     .....                  (no boots)
Stlth    ..........             l - amulet of faith
HPRegen  0.16/turn              g - ring of wizardry
MPRegen  0.11/turn              m - ring of positive energy

@: no status effects
A: negative energy resistance 1, electricity resistance, unbreathing,
petrification resistance, miasma immunity, AC +5
a: no special abilities


You were on level 4 of the Dungeon.
You visited 1 branch of the dungeon, and saw 4 of its levels.

You collected 171 gold pieces.

Inventory:

Hand Weapons
 a - a +0 flail (weapon)
Armour
 b - a +0 scale mail
 c - a +0 kite shield (worn)
 j - the cursed +0 chain mail of a wizard's laboratory (worn) {Int+8 SInv Stlth-}
   (You found it on level 4 of the Dungeon)

   It affects your intelligence (+8).
   It lets you see invisible.
   It makes you less stealthy.
   It has a curse placed upon it.
Jewellery
 g - a ring of wizardry (left hand)
 l - an amulet of faith (around neck)
 m - a ring of positive energy (right hand)
Scrolls
 d - a scroll of magic mapping {unknown}
 e - a scroll of enchant armour {unknown}
 h - 7 scrolls of identify {unknown}
 i - a scroll of fog {unknown}
 n - 3 scrolls of remove curse
 r - a scroll of amnesia {unknown}
Potions
 f - a potion of cancellation {unknown}
 k - a potion of curing
 o - a potion of degeneration {unknown}
 p - a potion of mutation {unknown}
 q - a potion of lignification


   Skills:
 + Level 4.9 Fighting
 + Level 5.3 Maces & Flails
 + Level 5.0 Armour
 + Level 3.2 Dodging
 + Level 0.4 Stealth
 + Level 6.4 Shields


You had 7 spell levels left.
You didn't know any spells.
Your spell library contained the following spells:

 Spells                   Type           Power        Failure   Level
 Animate Skeleton         Necr           0%           89%         1
 Apportation              Tloc           0%           89%         1
 Corona                   Hex            0%           89%         1
 Summon Small Mammal      Summ           0%           89%         1


Dungeon Overview and Level Annotations

Branches:
Dungeon (4/15)
 Temple: D:4-7

Altars:
Gozag
Nemelex Xobeh
Ru
Sif Muna

Shops:
D:4 *

Annotations:
D:4 Ijyb


Innate Abilities, Weirdness & Mutations

You are resistant to torment.
Your stone body is resilient. (AC +5)
You are immune to poison.
You resist negative energy. (rN+)
You are resistant to electric shocks. (rElec)
You can survive without breathing.
You are immune to petrification.
You are immune to miasma.


Message History

You block Ijyb's attack.
You hit Ijyb but do no damage.
Ijyb is moderately wounded.
Ijyb zaps a wand.
Your mind is blasted!
You sock Ijyb!
Ijyb is severely wounded.
Ijyb barely misses you.
A giant cockroach comes into view.
You block Ijyb's attack.
You hit Ijyb.
Ijyb is almost dead.
Ijyb hits you but does no damage.
You closely miss Ijyb.
Ijyb is almost dead.
The ooze barely misses you. Ijyb barely misses you.
You barely miss Ijyb.
Ijyb is almost dead.
You block the ooze's attack.
Ijyb zaps a wand.
Your mind is blasted!
Ouch! That really hurt!
You die...

######..### #.#
.#.####.####.# #......##
#.# .#...........# ....####
#.# .######.######
.##.##########.##...# ...#
.##.[..........#....#...##
#############.......#... #
####.....>.>...
#.[....J.......
#####.@#.....g. ####
#....g....... #..#
####.##.##..... . #..#
###....##(##..####.#
#..####...#####.....#.....
##....##.### ##.[...)......
#..##....#####.<...........
..#......##.)......[.......
....####..#.##...(.........


You could see Ijyb and an ooze.

Vanquished Creatures
  Sigmund (D:2)
  Duvessa (D:4)
  A black bear (D:1)
  2 ogres (D:4)
  Dowan (D:4)
  A scorpion (D:4)
  A quasit (D:3)
  A centaur skeleton (D:4)
  An orc priest (D:4)
  A gnoll shaman (D:3)
  Natasha (thrice) (D:2 D:1)
  2 orc wizards
  2 worker ants
  A hound skeleton (D:4)
  4 gnolls (D:4)
  7 adders
  2 worms (D:3)
  3 dart slugs (D:1)
  4 leopard geckos
  11 orcs
  A ball python (D:1)
  4 giant cockroaches
  9 goblins
  6 hobgoblins
  3 jackals (D:1)
  A quokka (D:3)
  4 bats
  A frilled lizard (D:2)
  5 kobolds
  12 rats
96 creatures vanquished.

Notes
Turn   | Place    | Note
-------+----------+-------------------------------------------
     0 | D:1      | Astera the Gargoyle Fighter began the quest for the Orb.
     0 | D:1      | Reached XP level 1. HP: 14/14 MP: 1/1
   161 | D:1      | Reached XP level 2. HP: 19/19 MP: 2/2
   626 | D:1      | Reached XP level 3. HP: 19/23 MP: 3/3
  1084 | D:1      | Reached skill level 4 in Shields
  1308 | D:2      | Noticed Natasha
  1393 | D:2      | Killed Natasha
  1394 | D:2      | Reached skill level 1 in Dodging
  1394 | D:2      | Reached XP level 4. HP: 24/29 MP: 4/4
  1501 | D:2      | Noticed Natasha
  1503 | D:2      | Noticed a black bear
  1643 | D:1      | Killed Natasha
  1644 | D:1      | Reached XP level 5. HP: 6/33 MP: 5/5
  1647 | D:1      | HP: 2/49 [black bear (4)]
  1650 | D:1      | Killed a black bear
  1651 | D:1      | Reached skill level 5 in Shields
  1728 | D:1      | Noticed Natasha
  2352 | D:1      | Killed Natasha
  2353 | D:1      | Reached XP level 6. HP: 37/38 MP: 6/6
  2503 | D:2      | Noticed Sigmund
  2653 | D:2      | Killed Sigmund
  3245 | D:3      | Reached XP level 7. HP: 42/43 MP: 7/7
  3303 | D:3      | Found a sparkling altar of Nemelex Xobeh.
  3610 | D:3      | Found a shimmering blue altar of Sif Muna.
  3610 | D:3      | Found an opulent altar of Gozag.
  4127 | D:4      | Noticed Duvessa
  4169 | D:4      | Killed Duvessa
  4169 | D:4      | Noticed Dowan
  4221 | D:4      | Killed Dowan
  4619 | D:4      | Noticed Ijyb
  4666 | D:3      | Reached skill level 6 in Shields
  5076 | D:4      | Reached XP level 8. HP: 32/48 MP: 8/8
  5177 | D:4      | Reached skill level 5 in Maces & Flails
  5425 | D:4      | Found Vehesidgh's Assorted Antiques.
  5641 | D:4      | Reached skill level 5 in Armour
  5790 | D:4      | Found a sacrificial altar of Ru.
  5804 | D:4      | Got a faintly humming chain mail
  5815 | D:4      | Identified the cursed +0 chain mail of a wizard's
                  | laboratory {Int+8 SInv Stlth-} (You found it on level 4 of
                  | the Dungeon)
  6113 | D:4      | Blown up by Ijyb

Illustrated notes

Levels and vault maps discovered:
D:1:      minmay_arrival_arboretum_small, layout_basic
D:2:      layout_rooms, uniq_sigmund, uniq_natasha
D:3:      layout_basic, lemuel_doored_altar, minitemple
D:4:      layout_rooms, minmay_temple_entry_nine_rooms, serial_shops,
          kennysheep_mini_moat, nicolae_ru_sacrificial_ziggurat, uniq_duvessa,
          uniq_ijyb

Skill      XL: |  1  2  3  4  5  6  7  8 |
---------------+-------------------------+-----
Shields        | 4 5 6 |  6.4
Dodging        | 1 2 3 |  3.2
Maces & Flails | 3 4 5 |  5.3
Fighting       | 4 |  4.9
Armour         | 4 5 |  5.0
Stealth        | |  0.4

Action                   |  1- 3 |  4- 6 |  7- 9 || total
-------------------------+-------+-------+-------++-------
Melee: Flail             |   151 |   126 |   265 ||   542
  Use: Potion            |       |     5 |       ||     5
       Scroll            |       |     3 |       ||     3
Armor: Scale mail        |   136 |    86 |   167 ||   389
       Skin              |       |    82 |       ||    82
       Chain mail        |       |       |     1 ||     1
Dodge: Dodged            |    59 |    61 |   108 ||   228
Block: Kite shield       |   117 |   129 |   164 ||   410

Table legend: (Time is in decaauts)
 A = Elapsed time spent in this place.
 B = Non-inter-level travel time spent in this place.
 C = Inter-level travel time spent in this place.
 D = Time resting spent in this place.
 E = Time spent auto-exploring this place.
 F = Levels seen in this place.
 G = Mean time per level.
                   A        B        C        D        E       F      G
               +--------+--------+--------+--------+--------+-----+--------+
         Total |   6388 |   5794 |    594 |   1828 |   2166 |   4 | 1597.0 |
       Dungeon |   6388 |   5794 |    594 |   1828 |   2166 |   4 | 1597.0 |
               +--------+--------+--------+--------+--------+-----+--------+

Top non-repeatable levels by time:
     D:1: 2380 daAuts
     D:3: 1763 daAuts
     D:4: 1319 daAuts
     D:2: 926 daAuts
